 Dungeon Crawl Stone Soup version 0.31.0-7-gf635a9b802 (webtiles) character file.

Game seed: 15714646866839403663

1171 Esekla the Magician (level 8, -7/48 HPs)
             Began as a Tengu Cinder Acolyte on Jan 23, 2024.
             Was a High Priest of Ignis.
             Killed by divine providence
             ... invoked by an orc priest
              (11 damage)
             ... on level 6 of the Dungeon.
             The game lasted 00:26:28 (5028 turns).

Esekla the Magician (Tengu Cinder Acolyte)          Turns: 5028, Time: 00:26:28

Health: -7/48      AC:  2    Str: 16    XL:     8   Next: 41%
Magic:  14/17      EV: 16    Int: 16    God:    Ignis [*****.]
Gold:   394        SH:  0    Dex:  9    Spells: 7/18 levels left

rFire   + . .        a - +2 scimitar (venom)
rCold   . . .        (no shield)
rNeg    . . .        b - +0 robe
rPois   .            (helmet restricted)
rElec   .            (no cloak)
rCorr   .            (no gloves)
SInv    .            (boots unavailable)
Will    .....        (no amulet)
Stlth   +            (no ring)
HPRegen 0.28/turn    (no ring)
MPRegen 0.15/turn

%: acrobat
@: flying, very slightly contaminated
A: beak, talons 3, evasive flight, acrobatic
a: Renounce Religion, Fiery Armour, Foxfire Swarm, Rising Flame


You were on level 6 of the Dungeon.
You worshipped Ignis.
Ignis was extremely pleased with you.
You visited 2 branches of the dungeon, and saw 7 of its levels.
You also visited: Sewer.

You collected 394 gold pieces.

Inventory:

Hand Weapons
 a - a +2 scimitar of venom (weapon)
 f - a -1 falchion of flaming
 p - the +9 spear of Dissolution {holy, ^Fragile rF+ Dex+4}
   (You found it on level 5 of the Dungeon)

   Dex+4:     It affects your dexterity (+4).
   rF+:       It protects you from fire.
   ^Fragile:  It will be destroyed if unequipped.
 r - a +0 trident
 s - a +0 dagger
Missiles
 q - 4 javelins (quivered)
Armour
 b - a +0 robe (worn)
Jewellery
 u - a ring of fire
Wands
 x - a wand of iceblast (1)
Scrolls
 c - a scroll of immolation {unknown}
 d - 3 scrolls of poison
 h - a scroll of teleportation
 i - 2 scrolls of revelation {unknown}
 k - a scroll of identify
 m - a scroll of noise {unknown}
 t - a scroll of amnesia {unknown}
 v - a scroll of enchant armour {unknown}
Potions
 e - 3 potions of curing
 g - 2 potions of attraction
 j - a potion of enlightenment
 l - 2 potions of cancellation
 n - a potion of berserk rage
 o - a potion of might
 w - 2 potions of heal wounds
 z - 2 potions of mutation {unknown}
 A - a potion of lignification {unknown}


   Skills:
 + Level 3.7 Fighting
 + Level 5.2 Long Blades
 * Level 3.8 Dodging
 + Level 0.3 Stealth
 * Level 5.7 Spellcasting
 * Level 0.3 Conjurations
 * Level 2.0 Necromancy
 + Level 5.5 Fire Magic
 * Level 0.3 Air Magic
 * Level 0.1 Alchemy


You had 7 spell levels left.
You knew the following spells:

 Your Spells              Type           Power      Damage    Failure   Level
c - Mephitic Cloud        Conj/Alch/Air  5%         N/A       36%         3
d - Vampiric Draining     Necr           10%        2d6       19%         3
o - Scorch                Fire           44%        2d6       2%          2
q - Swiftness             Air            5%         N/A       36%         3

Your spell library contained the following spells:

 Spells                   Type           Power      Damage    Failure   Level
 Necrotise                Necr           40%        1d6       6%          1
 Ensorcelled Hibernation  Hex/Ice        8%         N/A       22%         2
 Jinxbite                 Hex            8%         N/A       22%         2
 Dazzling Flash           Conj/Hex       10%        N/A       36%         3
 Passwall                 Erth           4%         N/A       38%         3
 Flame Wave               Conj/Fire      14%        2d6       38%         4
 Martyr's Knell           Necr/Summ      7%         N/A       67%         4
 Passage of Golubria      Tloc           4%         N/A       80%         4
 Curse of Agony           Necr           10%        N/A       86%         5
 Silence                  Hex/Air        2%         N/A       98%         5
 Yara's Violent Unravell  Hex/Alch       2%         3d3       98%         5
 Summon Cactus Giant      Summ           2%         N/A       100%        6
 Enfeeble                 Hex            2%         N/A       100%        7
 Lehudib's Crystal Spear  Conj/Erth      2%         10d2      100%        8


Dungeon Overview and Level Annotations

Branches:
Dungeon (6/15)             Temple (1/1) D:4           Sewer (visited)

Altars:
Ashenzari
Cheibriados
Dithmenos
Elyvilon
Fedhas
Gozag
Hepliaklqana
Kikubaaqudgha
Makhleb
Okawaru
Qazlal
Sif Muna
Trog
Uskayaw
Vehumet
Wu Jian
Xom
Yredelemnul
Zin
The Shining One


Innate Abilities, Weirdness & Mutations

You have a beak for a mouth.
You have claws for feet.
Your magical flight helps you evade attacks. (EV +4)
You can magically evade attacks while moving or waiting.


Message History

An orc comes into view. It is wielding a +0 whip.
The orc priest shouts!
The orc shouts!
The orc wizard shouts!
You hit the orc wizard.
The orc wizard is poisoned.
Your peck misses the orc wizard.
The orc wizard is moderately wounded.
The orc wizard misses you.
You closely miss the orc wizard. You claw the orc wizard!
Your peck misses the orc wizard.
The orc wizard is almost dead.
The orc priest calls down the wrath of Beogh upon you.
Beogh smites you!
The orc wizard hits you with a +0 dagger.
You closely miss the orc. You claw the orc.
The orc is severely wounded.
The orc wizard mumbles some strange words.
The orc wizard flickers and vanishes!
Deactivating autopickup; reactivate with Ctrl-A.
The orc hits you with a +0 whip.
Casting: Scorch (safe; 2% risk of failure)
Confirm with . or Enter, or press ? or * to list all spells.
Aiming: Mephitic Cloud (quite dangerous; 36% risk of failure)
Press: ? - help, Shift-Dir - straight line, f - orc priest
Aim: an orc priest, wielding a +0 hand axe (chance to affect: 86%)
You miscast Mephitic Cloud.
You are very lightly contaminated with residual magic.
You are blasted with magical energy.
The orc wizard hits you but does no damage.
The orc hits you with a +0 whip.
You hit the orc priest.
The orc priest is poisoned.
Your kick misses the orc priest. You peck the orc priest.
The orc priest is heavily wounded.
You kill the orc wizard!
The orc priest calls down the wrath of Beogh upon you.
Beogh smites you!
* * * LOW HITPOINT WARNING * * *
The orc misses you. The orc hits you with a +0 whip.
* * * LOW HITPOINT WARNING * * *
The orc priest mumbles some strange prayers to Beogh against you.
Beogh smites you!
You die...

###+# #...# #...##
#.... #.... ####
#...############..#
#.oo##<.##...#....#
#.)@##.......'....#
#.......####'##...#
#...##..##...######
#...##..##....
#...+..........
#...#...........
#...##..##..###.##
##########..# .##.#
...# +...


You could see an orc priest (very poisoned) and an orc.

Vanquished Creatures
  A water moccasin (D:5)
  Pargi (Sewer)
  A black bear (D:5)
  An ogre (D:4)
  A centaur (D:6)
  A brain worm (Sewer)
  A bullfrog (D:6)
  A howler monkey (D:4)
  4 jellies
  4 hounds
  Ijyb (D:4)
  An iguana (D:5)
  2 orc wizards
  10 adders
  2 ufetubi (D:5)
  2 dart slugs
  2 ribbon worms
  13 orcs
  3 endoplasms
  7 giant cockroaches
  14 goblins
  4 hobgoblins
  5 jackals
  9 kobolds
  8 quokkas
  9 ball pythons
  8 bats
  3 frilled lizards
  4 rats
123 creatures vanquished.

Notes
Turn   | Place    | Note
-------+----------+-------------------------------------------
     0 | D:1      | Esekla the Tengu Cinder Acolyte began the quest for the
                  | Orb.
     0 | D:1      | Reached XP level 1. HP: 14/14 MP: 3/3
   192 | D:1      | Reached XP level 2. HP: 19/19 MP: 4/4
   197 | D:1      | Learned a level 2 spell: Scorch
   648 | D:1      | Reached XP level 3. HP: 23/23 MP: 0/5
   747 | D:1      | Reached skill level 1 in Dodging
  1862 | D:3      | Found an opulent altar of Gozag.
  1939 | D:3      | Reached XP level 4. HP: 28/28 MP: 2/8
  2324 | D:4      | Reached XP level 5. HP: 32/32 MP: 2/10
  2441 | D:4      | Found a glowing drain.
  2459 | Sewer    | Entered a sewer
  2517 | Sewer    | Reached XP level 6. HP: 31/37 MP: 2/12
  2597 | Sewer    | Noticed Pargi
  2609 | Sewer    | Killed Pargi
  2690 | Sewer    | Learned a level 3 spell: Vampiric Draining
  2915 | D:4      | Gained mutation: Your magical flight helps you evade
                  | attacks. (EV +4) [Tengu growth]
  2915 | D:4      | Reached XP level 7. HP: 41/41 MP: 7/14
  2954 | D:4      | Found a staircase to the Ecumenical Temple.
  2971 | Temple   | Entered the Ecumenical Temple
  3232 | D:4      | Noticed Ijyb
  3243 | D:4      | Killed Ijyb
  3545 | D:5      | Entered Level 5 of the Dungeon
  3559 | D:5      | Identified the +9 spear of Dissolution {holy, ^Fragile rF+
                  | Dex+4}
  3829 | D:5      | Reached skill level 1 in Necromancy
  3829 | D:5      | Reached skill level 5 in Fire Magic
  3940 | D:5      | Reached skill level 5 in Spellcasting
  3992 | D:5      | Reached XP level 8. HP: 47/47 MP: 7/16
  4299 | D:5      | Reached skill level 5 in Long Blades
  4697 | D:6      | Found a bloodstained altar of Trog.
  4755 | D:6      | Learned a level 3 spell: Mephitic Cloud
  4759 | D:6      | Learned a level 3 spell: Swiftness
  5028 | D:6      | Killed from afar by an orc priest

Illustrated notes

Levels and vault maps discovered:
D:1:      lightli_arrival_lavapool, layout_loops_ring
D:2:      layout_loops_corners, lemuel_flame_loot_1
D:3:      layout_basic, grunt_gozag_breadcrumbs
D:4:      kennysheep_goblin_castle, layout_basic,
          minmay_temple_entry_large_hall, gup_sewer_entry_pipe
D:5:      layout_basic, minmay_misc_feat_chi, guppyfry_early_lair_pool
D:6:      layout_gridville, trog_book, uniq_edmund
Temple:   regret_index_temple_chain_breaker

Skill      XL: |  1  2  3  4  5  6  7  8 |
---------------+-------------------------+-----
Dodging        | 1 2 3 |  3.8
Spellcasting   | 2 3 4 5 |  5.7
Long Blades    | 4 5 |  5.2
Fire Magic     | 4 5 |  5.5
Necromancy     | 1 2 |  2.0
Fighting       | |  3.7
Stealth        | |  0.3
Conjurations   | |  0.3
Air Magic      | |  0.3
Alchemy        | |  0.1

Action                     |  1- 3 |  4- 6 |  7- 9 || total
---------------------------+-------+-------+-------++-------
  Melee: Falchion          |    34 |       |       ||    34
         Peck              |     3 |     5 |    10 ||    18
         Kick              |     8 |    10 |     7 ||    25
         Punch             |     1 |       |       ||     1
         Dagger            |     5 |       |     1 ||     6
         Scimitar          |     3 |    53 |    55 ||   111
   Cast: Scorch            |    21 |    29 |    46 ||    96
 Invoke: Fiery Armour      |       |     1 |       ||     1
    Use: Scroll            |       |       |     8 ||     8
   Stab: Distracted        |     1 |       |       ||     1
 Armour: Robe              |    16 |    24 |    33 ||    73
  Dodge: Dodged            |    27 |    46 |    77 ||   150
